 Dungeon Crawl Stone Soup version 0.30-a0-613-gdd512c7efb (webtiles) character file.

Game seed: 17111695379065559283

2790 NinjaNoafa the Cleaver (level 9, -2/67 (81) HPs)
             Began as a Hill Orc Monk on Jan 8, 2023.
             Was a Believer of Nemelex Xobeh.
             Slain by a wight
             ... wielding a +2 spear of flaming
              (4 damage)
             ... on level 8 of the Dungeon.
             The game lasted 00:31:36 (7145 turns).

NinjaNoafa the Cleaver (Hill Orc Monk)              Turns: 7145, Time: 00:31:36

HP:   -2/67 (81)    AC: 14    Str: 18    XL:     9   Next: 71%
MP:   13/13         EV:  8    Int: 16    God:    Nemelex Xobeh [**....]
Gold: 98            SH:  0    Dex: 13    Spells: 8/8 levels left

rFire   + . .      SeeInvis .    a - +3 war axe (heavy)
rCold   + . .      Faith    .    (no shield)
rNeg    . . .      Spirit   .    f - +0 chain mail
rPois   +          Reflect  .    (no helmet)
rElec   +          Harm     .    x - +0 cloak
rCorr   +          Rampage  .    e - +2 pair of gloves
Will    .....                    (no boots) Stlth
                                 p - amulet of regeneration
HPRegen 1.11/turn                H - +6 ring of intelligence
MPRegen 0.13/turn                d - ring of flight

@: lethally poisoned (-2 -> -10), resistant, flying, hasted, heavily drained,
very quick
A: no striking features
a: Renounce Religion, Draw Escape, Draw Destruction, Draw Summoning


You were on level 8 of the Dungeon.
You worshipped Nemelex Xobeh.
Nemelex Xobeh was pleased with you.
You visited 2 branches of the dungeon, and saw 9 of its levels.

You collected 457 gold pieces.
You spent 359 gold pieces at shops.

Inventory:

Hand Weapons
 a - a +3 heavy war axe (weapon)
 b - a +2 dagger of venom
Missiles
 v - a throwing net
 K - 15 poisoned darts (quivered)
 L - a curare-tipped dart
 M - 3 boomerangs of dispersal
Armour
 e - a +2 pair of gloves (worn)
 f - a +0 chain mail (worn)
 x - a +0 cloak (worn)
Jewellery
 d - a ring of flight (right hand)
 p - an amulet of regeneration (around neck)
 H - a +6 ring of intelligence (left hand)
Wands
 l - a wand of charming (11)
 w - a wand of flame (26)
 I - a wand of polymorph (3)
Scrolls
 g - 2 scrolls of enchant armour
 j - a scroll of silence {unknown}
 n - a scroll of vulnerability
 o - 4 scrolls of noise
 q - a scroll of magic mapping
 r - 3 scrolls of immolation
 s - a scroll of brand weapon {unknown}
 t - 2 scrolls of fog
 u - a scroll of blinking {unknown}
 y - 2 scrolls of butterflies {unknown}
 B - a scroll of torment {unknown}
 D - a scroll of amnesia {unknown}
 E - 2 scrolls of teleportation
 F - a scroll of poison {unknown}
Potions
 c - a potion of flight
 h - a potion of resistance
 m - 2 potions of might {unknown}
 z - 2 potions of cancellation {unknown}
 A - a potion of attraction {unknown}
 C - 3 potions of invisibility {unknown}
 G - a potion of curing {unknown}
 J - 2 potions of brilliance


   Skills:
 + Level 8.2 Fighting
 + Level 8.8 Axes
 - Level 6.0 Armour
 - Level 4.0 Dodging
 - Level 1.7 Stealth
 + Level 6.6 Invocations
 + Level 4.4 Evocations


You had 8 spell levels left.
You didn't know any spells.
Your spell library contained the following spells:

 Spells                   Type           Power      Damage    Failure   Level
 Ensorcelled Hibernation  Hex/Ice        0%         N/A       99%         2
 Spider Form              Tmut/Pois      0%         N/A       100%        3
 Anguish                  Hex/Necr       0%         N/A       100%        4


Dungeon Overview and Level Annotations

Branches:
Dungeon (8/15)             Temple (1/1) D:4
   Lair: D:8-11

Altars:
Ashenzari
Cheibriados
Dithmenos
Elyvilon
Gozag
Hepliaklqana
Kikubaaqudgha
Makhleb
Nemelex Xobeh
Okawaru
Ru
Sif Muna
Trog
Uskayaw
Vehumet
Wu Jian
Xom
Zin
The Shining One

Shops:
D:3 (   D:5 [   D:6 :?(?

Annotations:
D:7 3 runed translucent doors, GiantSquids's ghost, novice VSBe


Message History

You feel much better.
You feel sick. The killer bee stings you.
You are more poisoned.
The killer bee poisons you! The killer bee stings you!
The killer bee attacks as you move away!
The killer bee stings you but does no damage.
The killer bee attacks as you move away!
The killer bee completely misses you.
You feel sick.
The wight hits you from afar with a +2 spear of flaming.
The killer bee stings you but does no damage.
Really read the scroll of immolation?
As you read the scroll of immolation, it crumbles to dust.
The creatures around you are filled with an inner flame!
You feel very sick. The killer bee barely misses you.
The killer bee stings you.
* * * LOW HITPOINT WARNING * * *
You are more poisoned.
The killer bee poisons you! The kobold hits you but does no damage.
The wight hits you with a +0 falchion.
* * * LOW HITPOINT WARNING * * *
The wight hits you but does no damage.
Okay, then.
Okay, then.
Okay, then.
You draw a card...
You have drawn Exile.
The steam dragon is devoured by a tear in reality.
* * * LOW HITPOINT WARNING * * *
You feel very sick. The killer bee stings you.
* * * LOW HITPOINT WARNING * * *
The killer bee barely misses you. The killer bee stings you.
* * * LOW HITPOINT WARNING * * *
Okay, then.
The killer bee attacks as you move away!
The killer bee stings you but does no damage.
* * * LOW HITPOINT WARNING * * *
You feel very sick. The killer bee barely misses you.
The wight hits you from afar with a +2 spear of flaming.
You die...
Your body disappears without a glow.

,,,,,,,..............,..,,*,*** *
,,,,,,,.............,...,,,,,,* *
,,,,,,,...........###~.,~***,,* *
,,,,,,,..........#...#~~*,,,*,***
,,,,,,,......K.<.#.⌠.#~~*,⌠,*,*,,
**,,,,,........§§#..!#~≈*,,,*,,,,
,,,,,,,.......z§yz###~~≈~***,,*,,
****,,,..##....Kyy..≈≈≈≈~~,,,,***
* *******##....@...≈≈≈≈~~,,,,,**
* ##.....###~≈≈~***,,,,, *
##...#..,*≈≈*,,,*,,,,
##..#.⌠.#~~*,⌠,*,,,,
#..#...#~~*,,,*,***
#...*##≈.,~***,,*
#...,,,...,,,,,,*
#...,,,,.#******* **********


You could see 3 killer bees, 2 wights and 2 kobolds.

Vanquished Creatures
  A rime drake (D:7)
  An unseen horror (D:7)
  Eustachio (D:6)
  A steam dragon (D:7)
  A water moccasin (D:5)
  An ice beast (D:6)
  A black bear (D:7)
  A phantom (D:7)
  2 kobold brigands
  A necrophage (D:4)
  2 bullfrogs (D:6)
  2 wights (D:8)
  3 killer bees (D:7)
  3 jellies
  A crimson imp (D:6)
  6 hounds
  3 orc priests
  A gnoll bouda (D:5)
  An iguana (D:6)
  3 orc wizards
  13 gnolls
  6 adders
  A river rat (D:3)
  2 shadow imps
  3 white imps
  An ufetubus (D:6)
  2 worms
  4 dart slugs
  11 orcs
  6 bats
  5 endoplasms
  4 giant cockroaches
  6 goblins
  6 hobgoblins
  7 jackals
  20 kobolds
  5 quokkas
  4 ball pythons
  3 frilled lizards
  7 rats
152 creatures vanquished.

Vanquished Creatures (collateral kills)
  2 gnolls (D:5)
2 creatures vanquished.

Vanquished Creatures (others)
  An electric eel (D:6)
  7 plants
8 creatures vanquished.

Grand Total: 162 creatures vanquished

Notes
Turn   | Place    | Note
-------+----------+-------------------------------------------
     0 | D:1      | NinjaNoafa the Hill Orc Monk began the quest for the Orb.
     0 | D:1      | Reached XP level 1. HP: 19/19 MP: 1/1
   203 | D:1      | Reached XP level 2. HP: 27/27 MP: 2/2
   538 | D:1      | Reached XP level 3. HP: 27/33 MP: 3/3
  1076 | D:1      | Reached skill level 1 in Armour
  1076 | D:1      | Reached XP level 4. HP: 36/40 MP: 4/4
  1308 | D:2      | Found a radiant altar of Vehumet.
  1498 | D:1      | Reached XP level 5. HP: 27/47 MP: 5/5
  2146 | D:3      | Found Ikkofipp's Weapon Emporium.
  2268 | D:3      | Found an ornate altar of the Wu Jian Council.
  2325 | D:3      | Reached skill level 5 in Axes
  2397 | D:3      | Found a bloodstained altar of Trog.
  2399 | D:3      | Found a shimmering altar of Xom.
  2461 | D:3      | Found a runed translucent door.
  2462 | D:3      | Noticed Crazy Yiuf
  3356 | D:4      | Found a staircase to the Ecumenical Temple.
  3367 | Temple   | Entered the Ecumenical Temple
  3386 | Temple   | Became a worshipper of Nemelex Xobeh the Trickster
  3386 | Temple   | Reached * piety under Nemelex Xobeh
  3386 | Temple   | Received a gift from Nemelex Xobeh
  3386 | Temple   | Reached ** piety under Nemelex Xobeh
  3652 | D:5      | Entered Level 5 of the Dungeon
  3750 | D:3      | Crazy Yiuf changed into Crazy Yiuf the river rat
  3750 | D:3      | Noticed Crazy Yiuf
  3751 | D:3      | Killed Crazy Yiuf the river rat
  3752 | D:3      | Reached XP level 6. HP: 55/55 MP: 6/6
  3914 | D:5      | Found Zhao Yu's Dragon-Slaying Spoils.
  3995 | D:5      | Reached skill level 5 in Fighting
  3997 | D:5      | Noticed a water moccasin
  4010 | D:5      | Killed a water moccasin
  4011 | D:5      | Reached skill level 1 in Invocations
  4052 | D:5      | Reached skill level 1 in Evocations
  4052 | D:5      | Reached XP level 7. HP: 58/61 MP: 6/8
  4144 | D:3      | Bought a +3 heavy war axe for 326 gold pieces
  4393 | D:5      | Found a glowing golden altar of the Shining One.
  4568 | D:5      | Found a shimmering blue altar of Sif Muna.
  4695 | D:5      | Found a hide-covered altar of Uskayaw.
  4733 | D:6      | Noticed Eustachio
  4755 | D:6      | Reached XP level 8. HP: 49/70 MP: 10/10
  4757 | D:6      | Killed Eustachio
  4792 | D:6      | Found Wuluol's Magic Scroll Emporium.
  4792 | D:6      | Found Okuush's Weapon Shoppe.
  4792 | D:6      | Found Visoibar's Magic Scroll Emporium.
  4800 | D:6      | Bought a scroll of noise for 11 gold pieces
  4846 | D:6      | Found a radiant altar of Vehumet.
  5287 | D:6      | Found Xefekh's Vocational Training.
  5476 | D:6      | Found a burning altar of Makhleb.
  5786 | D:7      | Received a gift from Nemelex Xobeh
  6093 | D:6      | Bought a scroll of identify for 22 gold pieces
  6305 | D:7      | Reached skill level 5 in Armour
  6355 | D:7      | Reached skill level 5 in Invocations
  6356 | D:7      | Reached XP level 9. HP: 79/79 MP: 12/12
  6430 | D:7      | Noticed a rime drake
  6431 | D:7      | Noticed a rime drake
  6547 | D:7      | Reached *** piety under Nemelex Xobeh
  6677 | D:7      | Killed an unseen horror
  6743 | D:7      | Found the +4 skin of Zhor {*Englaciate rC+++ SInv}
  6746 | D:7      | Noticed a rime drake
  6750 | D:7      | Noticed a rime drake
  6787 | D:7      | Killed a rime drake
  6999 | D:7      | Found a runed translucent gate.
  6999 | D:7      | Found a runed translucent gate.
  7000 | D:7      | Found a runed translucent gate.
  7002 | D:7      | Noticed GiantSquids's ghost (novice VSBe)
  7145 | D:8      | HP: 2/67 [poisoned by a killer bee]
  7145 | D:8      | Slain by a wight

Illustrated notes

Levels and vault maps discovered:
D:1:      dpeg_arrival_windows_large_door, layout_basic, minivault_4
D:2:      layout_rooms, serial_forest, infiniplex_forest_clump_small,
          infiniplex_forest_clump_diagonal, infiniplex_forest_clump_medium,
          infiniplex_forest_lined_3, infiniplex_forest_corner_1,
          infiniplex_forest_zigzag_1, infiniplex_forest_lined_corner,
          infiniplex_forest_corner_1, basic_altar
D:3:      minmay_bubble_buster, layout_basic, mainiacjoe_overflow_alcove_1,
          jmf_multi_god_temple, serial_shops, nicolae_shop_bloodbath_and_beyond,
          uniq_crazy_yiuf_cottage
D:4:      layout_loops_ring, minmay_temple_entry_mist
D:5:      layout_rooms, led_sif_book, nicolae_uskayaw_dance_hall,
          tso_oasis_becter, minivault_19, nicolae_shop_dragon_depot
D:6:      layout_loops_ring, makhleb_grotto_becter, fiery_altar_vehumet,
          nicolae_wooded_promenade, nicolae_shop_vocational, uniq_eustachio
D:7:      layout_loops_ring, gammafunk_ghost_necromancy, serial_bayou_pond_d,
          hellmonk_guarded_unrand_zhor
D:8:      layout_rooms, enter_bailey_3, fountainhead, grunt_livestock,
          minmay_fountain_box
Temple:   minmay_freezing_vapour_temple

Skill      XL: |  1  2  3  4  5  6  7  8  9 |
---------------+----------------------------+-----
Dodging        | 3 4 |  4.0
Fighting       | 4 5 7 8 |  8.2
Armour         | 1 2 3 4 5 6 |  6.0
Axes           | 5 6 7 8 |  8.8
Invocations    | 1 3 5 6 |  6.6
Evocations     | 1 2 3 4 |  4.4
Stealth        | |  1.7

Action                   |  1- 3 |  4- 6 |  7- 9 || total
-------------------------+-------+-------+-------++-------
Melee: Hand axe          |    66 |    70 |       ||   136
       Punch             |     2 |     2 |     1 ||     5
       Dagger            |    19 |    18 |       ||    37
       War axe           |       |   137 |   126 ||   263
Throw: Dart              |       |       |     7 ||     7
Invok: Draw Destruction  |       |     2 |     3 ||     5
       Draw Escape       |       |       |     2 ||     2
Evoke: Wand              |       |       |     1 ||     1
  Use: Potion            |     1 |     1 |     5 ||     7
       Scroll            |       |       |    13 ||    13
Armor: Robe              |     4 |       |       ||     4
       Chain mail        |    59 |   173 |   164 ||   396
Dodge: Dodged            |    51 |   125 |   122 ||   298

Table legend: (Time is in decaauts)
 A = Elapsed time spent in this place.
 B = Non-inter-level travel time spent in this place.
 C = Inter-level travel time spent in this place.
 D = Time resting spent in this place.
 E = Time spent auto-exploring this place.
 F = Levels seen in this place.
 G = Mean time per level.
                   A        B        C        D        E       F      G
               +--------+--------+--------+--------+--------+-----+--------+
         Total |   7277 |   6392 |    885 |     95 |   4667 |   9 |  808.6 |
       Dungeon |   7252 |   6380 |    872 |     95 |   4657 |   8 |  906.5 |
        Temple |     24 |     11 |     13 |      0 |     10 |   1 |   24.0 |
               +--------+--------+--------+--------+--------+-----+--------+

Top non-repeatable levels by time:
     D:1: 1307 daAuts
     D:7: 1281 daAuts
     D:3: 1152 daAuts
     D:6: 1089 daAuts
     D:4: 947 daAuts
     D:5: 799 daAuts
     D:2: 658 daAuts
  Temple: 24 daAuts
     D:8: 16 daAuts
